AoeStats
← Setroc

MegaRandom

509762323Analyzed
4v4 RM · 5d ago on Sep 27, 2026· 60m 35s· 8 players
Game mode
Random Map
Map size
Large (8 player)
Population
200
Speed
Normal
Resources
Standard
Victory
Conquest
Starting age
Dark Age
Ending age
Imperial Age
RankedLock teamsTeams togetherTeam positionsShared explorationLock speedFull tech treeHidden civsTurbo modeCheats
Victory
Defeat
🇺🇸 Slavs · United States
1090
+13
🇨🇦 Franks · Canada
1032
+15
🇨🇴 Khmer · Colombia
965
+18
🇨🇦 Mongols · Canada
964
+18
🇩🇪 Danes · Germany
1079
-20
🇮🇪 Varangians · Ireland
1016
-16
🇨🇴 Vietnamese · Colombia
1013
-16
🇩🇪 Persians · Germany
914
-12
TheIrishMan
9:40 Loom
11:37 Feudal Age
14:07 Horse Collar
16:55 Castle Age
14:58 Double-Bit Axe
19:18 Bow Saw
25:10 Heavy Plow
26:17 Wheelbarrow
28:21 Hand Cart
29:11 Fletching
29:22 Padded Archer Armor
31:36 Bodkin Arrow
31:57 Leather Archer Armor
36:02 Imperial Age
35:11 Gold Mining
37:04 Ballistics
37:45 Chemistry
36:48 Heavy Mounted Crossbowman
36:49 Cranequins
38:18 Pikeman
39:00 Scale Mail Armor
39:11 Forging
39:01 Bracer
39:06 Scale Mail Armor
39:16 Forging
40:15 Husbandry
40:26 Bloodlines
40:41 Chain Mail Armor
44:13 Halberdier
44:55 Squires
44:41 Gambesons
45:28 Plate Mail Armor
45:34 Iron Casting
46:33 Elite Skirmisher
50:49 Cavalier
50:51 Light Cavalry
51:01 Vendel Legacy
52:02 Conscription
WeLoveRust
3:31 Loom
12:31 Feudal Age
18:22 Castle Age
17:13 Horse Collar
19:06 Double-Bit Axe
22:23 Wheelbarrow
23:16 Gold Mining
23:20 Stone Mining
32:52 Imperial Age
30:07 Pikeman
30:47 Squires
35:06 Scale Barding Armor
35:12 Forging
35:18 Bow Saw
39:02 Bloodlines
38:53 Husbandry
39:18 Chain Barding Armor
39:34 Iron Casting
38:23 Halberdier
40:03 Heavy Plow
40:42 Gold Shaft Mining
41:17 Two-Man Saw
43:49 Scale Mail Armor
43:50 Padded Archer Armor
44:27 Plate Barding Armor
44:54 Blast Furnace
47:44 Stone Shaft Mining
47:56 Elite War Elephant
51:54 Citadels
52:04 Conscription
53:32 Chain Mail Armor
53:33 Leather Archer Armor
59:51 Chemistry
59:12 Ballistics
59:24 Citadels
TopicKilleR
5:02 Loom
11:58 Feudal Age
16:29 Castle Age
16:47 Double-Bit Axe
16:45 Horse Collar
26:31 Gold Mining
26:31 Stone Mining
30:01 Stone Mining
30:21 Scale Mail Armor
31:57 Gold Shaft Mining
31:58 Stone Shaft Mining
32:40 Chain Mail Armor
32:35 Forging
34:50 Bow Saw
35:22 Iron Casting
34:17 Hamask
35:27 Arson
35:42 Squires
35:29 Gambesons
40:11 Imperial Age
38:19 Wheelbarrow
37:29 Town Watch
38:02 Heavy Plow
40:24 Capped Ram
40:29 Elite Jomsviking
41:28 Hand Cart
41:37 Siege Ram
45:23 Conscription
48:02 Hoardings
47:39 Town Patrol
Setroc
2:11 Loom
12:25 Feudal Age
17:35 Castle Age
15:37 Man-at-Arms
23:10 Double-Bit Axe
23:34 Horse Collar
25:30 Heavy Plow
26:27 Bow Saw
27:32 Pikeman
39:01 Forging
38:52 Scale Mail Armor
40:28 Elite Skirmisher
46:14 Wheelbarrow
47:28 Fletching
54:18 Imperial Age
54:31 Halberdier
Jman
0:31 Loom
12:00 Feudal Age
13:07 Double-Bit Axe
21:25 Castle Age
19:36 Stone Mining
19:40 Gold Mining
20:28 Scale Barding Armor
22:08 Husbandry
26:21 Wheelbarrow
27:53 Bow Saw
31:59 Imperial Age
31:59 Forging
32:11 Chain Barding Armor
34:42 Iron Casting
34:12 Scale Mail Armor
34:33 Hand Cart
36:24 Cavalier
37:45 Plate Barding Armor
38:08 Conscription
39:33 Elite Throwing Axeman
41:17 Paladin
45:11 Blast Furnace
44:27 Chain Mail Armor
45:16 Padded Archer Armor
45:07 Fletching
47:14 Ballistics
51:06 Chemistry
50:05 Bodkin Arrow
50:25 Leather Archer Armor
55:02 Hoardings
ptom
0:35 Loom
10:12 Feudal Age
11:59 Double-Bit Axe
13:05 Horse Collar
14:36 Gold Mining
16:52 Wheelbarrow
21:24 Castle Age
19:41 Stone Mining
20:26 Bloodlines
21:24 Forging
22:46 Iron Casting
23:34 Fervor
24:15 Scale Barding Armor
25:01 Town Watch
25:44 Chain Barding Armor
26:49 Husbandry
27:13 Fletching
27:26 Devotion
28:34 Hand Cart
29:23 Nomads
31:44 Bodkin Arrow
32:26 Stone Shaft Mining
33:20 Gold Shaft Mining
37:59 Imperial Age
38:10 Elite Steppe Lancer
41:19 Blast Furnace
40:20 Bracer
40:23 Heavy Plow
40:28 Town Patrol
43:37 Caravan
44:09 Coinage
44:33 Padded Archer Armor
45:21 Conscription
45:53 Leather Archer Armor
47:01 Banking
46:55 Murder Holes
47:11 Masonry
48:03 Chemistry
47:36 Bow Saw
49:50 Ballistics
54:08 Hoardings
55:02 Parthian Tactics
54:43 Thumb Ring
54:35 Elite Mangudai
55:08 Capped Ram
55:46 Light Cavalry
57:32 Drill
57:05 Siege Ram
WhiteFrost
8:47 Loom
11:35 Feudal Age
12:08 Double-Bit Axe
20:33 Castle Age
23:52 Bloodlines
23:43 Husbandry
24:20 Wheelbarrow
25:34 Town Watch
25:38 Horse Collar
26:31 Bow Saw
28:20 Scale Barding Armor
28:26 Forging
30:17 Gold Mining
34:58 Imperial Age
33:58 Caravan
34:20 Hand Cart
35:23 Chain Barding Armor
35:38 Iron Casting
36:12 Murder Holes
36:09 Fletching
36:56 Iron Casting
36:53 Conscription
37:23 Scale Mail Armor
37:56 Druzhina
38:47 Man-at-Arms
39:53 Squires
39:19 Long Swordsman
40:43 Two-Handed Swordsman
42:07 Chain Mail Armor
41:34 Champion
46:20 Blast Furnace
45:50 Plate Mail Armor
45:45 Caravan
45:51 Heavy Plow
46:04 Pikeman
48:57 Capped Ram
50:52 Two-Man Saw
50:32 Plate Barding Armor
50:49 Halberdier
52:16 Siege Ram
53:51 Stone Mining
54:37 Gold Shaft Mining
57:02 Heavy Scorpion
57:55 Siege Engineers
58:51 Chemistry
58:14 Ballistics
58:05 Masonry
LordSakayO
2:16 Loom
10:58 Feudal Age
16:06 Castle Age
14:29 Double-Bit Axe
19:01 Horse Collar
25:59 Bow Saw
26:13 Heavy Plow
27:17 Wheelbarrow
28:29 Hand Cart
31:55 Imperial Age
30:16 Town Watch
31:16 Gold Mining
31:17 Stone Mining
31:44 Town Patrol
33:44 Gold Shaft Mining
33:45 Stone Shaft Mining
33:16 Husbandry
33:27 Bloodlines
32:38 Light Cavalry
34:26 Crop Rotation
34:35 Forging
34:30 Scale Barding Armor
34:39 Scale Barding Armor
35:53 Iron Casting
35:51 Conscription
35:08 Hussar
36:43 Chain Barding Armor
37:31 Chemistry
38:37 Plate Barding Armor
39:03 Blast Furnace
39:22 Fletching
40:43 Double Crossbow
40:03 Elite Ballista Elephant
42:04 Elite Battle Elephant
44:30 Hoardings
44:17 Bodkin Arrow
46:27 Caravan
50:30 Bracer
50:54 Siege Engineers
56:17 Tusk Swords
Connection lost

Rejoining the realm…

Still unreachable

The connection could not be restored.

Session expired

The server has moved on; the page needs a fresh start.